 Dungeon Crawl Stone Soup version 0.29.0-15-g675c0067aa (webtiles) character file.

Game seed: 18264355886061812254

421 Querens the Conjurer (level 6, -1/32 HPs)
             Began as a Deep Elf Conjurer on Sept 11, 2022.
             Slain by an ogre
             ... wielding a +0 giant club
              (16 damage)
             ... on level 5 of the Dungeon.
             The game lasted 00:11:22 (1872 turns).

Querens the Conjurer (Deep Elf Conjurer)            Turns: 1872, Time: 00:11:22

Health: -1/32      AC:  3    Str:  4    XL:     6   Next: 62%
Magic:  14/16      EV: 13    Int: 25    God:
Gold:   200        SH:  0    Dex: 13    Spells: 4/15 levels left

rFire   . . .      SeeInvis .   p - +1 dagger (venom)
rCold   . . .      Faith    .   (no shield)
rNeg    . . .      Spirit   .   a - +0 robe
rPois   +          Reflect  .   (no helmet)
rElec   .          Harm     .   (no cloak)
rCorr   .          Rampage  .   c - +0 pair of gloves
Will    +....                   (no boots)
Stlth   +++.......              (no amulet)
HPRegen 0.10/turn               r - ring of poison resistance
MPRegen 0.15/turn               u - ring of willpower

@: attractive
A: no striking features
a: no special abilities


You were on level 5 of the Dungeon.
You visited 1 branch of the dungeon, and saw 5 of its levels.

You collected 200 gold pieces.

Inventory:

Hand Weapons
 p - a +1 dagger of venom (weapon)
Armour
 a - a +0 robe (worn)
 c - a +0 pair of gloves (worn)
Magical Staves
 e - a staff of air
Jewellery
 r - a ring of poison resistance (left hand)
 u - a ring of willpower (right hand)
Wands
 w - a wand of flame (15)
Scrolls
 d - 3 scrolls of identify {unknown}
 f - a scroll of poison {unknown}
 j - a scroll of summoning {unknown}
 m - 2 scrolls of vulnerability {unknown}
 n - a scroll of noise {unknown}
 o - a scroll of immolation {unknown}
 q - 3 scrolls of teleportation {unknown}
 s - a scroll of brand weapon {unknown}
 t - a scroll of enchant weapon {unknown}
 v - a scroll of butterflies {unknown}
Potions
 g - a potion of heal wounds {unknown}
 h - a potion of flight {unknown}
 i - a potion of attraction
 k - a potion of curing
 l - 2 potions of degeneration {unknown}


   Skills:
 + Level 4.6 Dodging
 + Level 4.9 Stealth
 + Level 5.3 Spellcasting
 + Level 5.7 Conjurations
 + Level 1.2 Translocations


You had 4 spell levels left.
You knew the following spells:

 Your Spells              Type           Power      Damage    Failure   Level
a - Magic Dart            Conj           100%       1d8       1%          1
b - Searing Ray           Conj           70%        2d7       1%          2
c - Iskenderun's Mystic   Conj/Tloc      24%        2d7       19%         4
d - Fulminant Prism       Conj/Hex       10%        3d9       24%         4

Your spell library contained the following spells:

 Spells                   Type           Power      Damage    Failure   Level
 Dazzling Flash           Conj/Hex       42%        N/A       8%          3


Dungeon Overview and Level Annotations

Branches:
Dungeon (5/15)
 Temple: D:4-7

Altars:
Okawaru
Uskayaw

Shops:
D:1 (   D:2 (


Message History

Unknown command.
The searing ray misses the orc wizard.
You hit the orc wizard.
The orc wizard is poisoned.
The orc wizard is heavily wounded.
The orc wizard closely misses you.
An ogre comes into view. It is wielding a +0 giant club.
Okay, then.
Unknown command.
It was a potion of attraction.
You feel attractive to monsters.
A howler monkey comes into view.
The orc wizard hits you with a +0 dagger.
* * * LOW HITPOINT WARNING * * *
Something is attracted toward you. The ogre is attracted toward you.
The orc is attracted toward you. x2
The howler monkey is attracted toward you.
It was a potion of curing.
You feel better. The orc wizard casts a spell at you. The magic dart hits you.
The howler monkey is attracted toward you.
The orc is attracted toward you. Magic courses through your body.
The sentinel's mark upon you fades away.
An orc comes into view. It is wielding a +0 club.
The ogre barely misses you.
Casting: Searing Ray (safe; 1% risk of failure)
Confirm with . or Enter, or press ? or * to list all spells.
Aiming: Searing Ray (safe; 1% risk of failure)
Press: ? - help, Shift-Dir - straight line, f - ogre
Aim: an ogre, wielding a +0 giant club (91% to hit)
The searing ray hits the ogre.
The ogre is moderately wounded. (Press . to maintain the ray.) Unknown command.
Unknown command.
The searing ray hits the ogre!
The ogre is heavily wounded.
The ogre hits you with a +0 giant club!
Ouch! That really hurt!
You die...

#.S.# #####..$#
#o...S..# #o###...#
##h# #...# #oo# #...#
..# #o## #...# ... #.#
##### ##@# ##O.# #..##
#### ###.## #... #...#
#... ##.### ###.##
#..###############...##
#...................†).
###############......##


You could see an ogre, a howler monkey, an orc wizard (poisoned) and 4 orcs.

Vanquished Creatures
  A bullfrog (D:5)
  A jelly (D:4)
  An orc priest (D:4)
  An orc wizard (D:4)
  2 iguanas (D:5)
  13 adders
  An ufetubus (D:4)
  A worm (D:2)
  2 dart slugs (D:3)
  8 orcs
  4 bats
  7 endoplasms
  5 giant cockroaches
  6 goblins
  5 hobgoblins
  6 jackals
  7 kobolds
  3 quokkas
  4 ball pythons
  4 frilled lizards (D:2)
  10 rats
92 creatures vanquished.

Vanquished Creatures (others)
  16 plants (D:2)
16 creatures vanquished.

Grand Total: 108 creatures vanquished

Notes
Turn   | Place    | Note
-------+----------+-------------------------------------------
     0 | D:1      | Querens the Deep Elf Conjurer began the quest for the Orb.
     0 | D:1      | Reached XP level 1. HP: 10/10 MP: 6/6
   214 | D:1      | Reached XP level 2. HP: 15/15 MP: 5/8
   245 | D:1      | Found Qigosono's Antique Weapon Boutique.
   407 | D:2      | Learned a level 2 spell: Searing Ray
   471 | D:2      | Reached XP level 3. HP: 19/19 MP: 2/10
   583 | D:2      | Found Emiyfrai's Weapon Shop.
   766 | D:2      | Reached XP level 4. HP: 9/24 MP: 3/11
   809 | D:2      | Reached skill level 5 in Conjurations
  1137 | D:3      | Found an iron altar of Okawaru.
  1217 | D:3      | Found a hide-covered altar of Uskayaw.
  1302 | D:4      | Reached XP level 5. HP: 28/28 MP: 5/13
  1648 | D:5      | Entered Level 5 of the Dungeon
  1652 | D:5      | Reached skill level 5 in Spellcasting
  1652 | D:5      | Reached XP level 6. HP: 16/32 MP: 10/15
  1661 | D:5      | Learned a level 4 spell: Iskenderun's Mystic Blast
  1666 | D:5      | Learned a level 4 spell: Fulminant Prism
  1839 | D:5      | Reached skill level 1 in Translocations
  1872 | D:5      | Slain by an ogre

Illustrated notes

Levels and vault maps discovered:
D:1:      dpeg_arrival_ratfight, layout_rooms, serial_shops,
          nicolae_shop_competitors_out_of_business
D:2:      layout_basic, serial_bayou, serial_bayou_crossing,
          serial_bayou_pond_d, serial_bayou_pond_b, serial_bayou_pond_a,
          serial_bayou_ford_a, serial_bayou_shore_a, serial_shops, shop,
          minmay_quantized
D:3:      layout_basic, mainiacjoe_overflow_six_doors_small,
          nicolae_uskayaw_suspiria
D:4:      layout_rooms
D:5:      layout_rooms, mainiacjoe_overflow_surrounded_room

Skill      XL: |  1  2  3  4  5  6 |
---------------+-------------------+-----
Dodging        | 3 4 |  4.6
Stealth        | 3 4 |  4.9
Spellcasting   | 4 5 |  5.3
Conjurations   | 5 |  5.7
Translocations | 1 |  1.2

Action                   |  1- 3 |  4- 6 || total
-------------------------+-------+-------++-------
Melee: Unarmed           |     6 |       ||     6
       Short sword       |    22 |       ||    22
       Dagger            |       |    65 ||    65
       Punch             |       |     1 ||     1
 Cast: Magic Dart        |    43 |    26 ||    69
       Searing Ray       |     9 |    21 ||    30
  Use: Potion            |       |     3 ||     3
 Stab: Sleeping          |       |     1 ||     1
Armor: Robe              |     9 |    14 ||    23
Dodge: Dodged            |    27 |    70 ||    97
